 Dungeon Crawl Stone Soup version 0.30.0-29-ga12c61a403 (webtiles) character file.

Game seed: 3645600644902549544

427 seaoflcl the Slasher (level 7, -4/53 HPs)
             Began as a Human Fighter on June 4, 2023.
             Slain by Grinder (6 damage)
             ... on level 4 of the Dungeon.
             The game lasted 00:06:45 (2600 turns).

seaoflcl the Slasher (Human Fighter)                Turns: 2600, Time: 00:06:47

Health: -4/53      AC: 10    Str: 18    XL:     7   Next: 18%
Magic:  7/7        EV:  9    Int:  8    God:
Gold:   180        SH:  5    Dex: 13    Spells: 6/6 levels left

rFire   . . .        a - +0 long sword
rCold   . . .        c - +0 buckler
rNeg    . . .        i - +0 scale mail
rPois   .            j - +0 helmet
rElec   .            (no cloak)
rCorr   .            q - +0 pair of gloves "Weine" {+Inv}
SInv    .            s - +0 pair of boots
Will    .....        (no amulet) Stlth
                     (no ring)
HPRegen 0.28/turn    (no ring)
MPRegen 0.10/turn

%: no passive effects
@: mighty
A: no striking features
a: Evoke Invisibility


You were on level 4 of the Dungeon.
You visited 1 branch of the dungeon, and saw 4 of its levels.
You also visited: Ossuary.

You collected 180 gold pieces.

Inventory:

Hand Weapons
 a - a +0 long sword (weapon)
 b - a +0 triple crossbow of flaming
 u - a +1 vampiric dagger
Armour
 c - a +0 buckler (worn)
 i - a +0 scale mail (worn)
 j - a +0 helmet (worn)
 q - the +0 pair of gloves "Weine" (worn) {+Inv}
   (You found it on level 2 of the Dungeon)

   +Inv:      It lets you turn invisible.
 r - a +2 robe of positive energy
 s - a +0 pair of boots (worn)
Wands
 w - a wand of acid (3)
Scrolls
 e - a scroll of immolation
 f - 2 scrolls of teleportation
 g - a scroll of magic mapping {unknown}
 k - 2 scrolls of poison
 m - a scroll of silence {unknown}
 n - a scroll of amnesia {unknown}
 o - 3 scrolls of summoning
 y - a scroll of blinking {unknown}
 B - a scroll of brand weapon {unknown}
Potions
 l - a potion of brilliance {unknown}
 p - a potion of ambrosia {unknown}
 t - 2 potions of curing {unknown}
 v - a potion of flight {unknown}
 x - 2 potions of lignification {unknown}
 z - 2 potions of haste {unknown}
 A - 2 potions of invisibility {unknown}


   Skills:
 + Level 3.8 Fighting
 + Level 5.3 Long Blades
 + Level 4.0 Armour
 + Level 1.8 Dodging
 + Level 3.6 Shields


You had 6 spell levels left.
You didn't know any spells.
Your spell library was empty.

Dungeon Overview and Level Annotations

Branches:
Dungeon (4/15)            Ossuary (visited)
 Temple: D:4-7

Altars:

Annotations:
D:4 Grinder


Message History

Blork the orc is almost dead.
Blork the orc hits you with a +0 long sword.
Grinder blinks!
You block Blork the orc's attack.
You barely miss Blork the orc.
Blork the orc is almost dead.
Blork the orc hits you with a +0 long sword!
* * * LOW HITPOINT WARNING * * *
You block Blork the orc's attack.
You barely miss Blork the orc.
Blork the orc is almost dead.
You block Blork the orc's attack.
Blork the orc hits you with a +0 long sword.
* * * LOW HITPOINT WARNING * * *
You hit Blork the orc.
You kill Blork the orc!
The kobold throws a poisoned dart.
The poisoned dart hits you!
You are poisoned.
Grinder blinks!
Your Armour skill increases to level 4!
You have reached level 7!
Unknown command.
You feel very mighty all of a sudden.
You feel sick.
You slash the kobold!
You kill the kobold!
You feel sick.
You feel sick. The gnoll barely misses you.
Items here: ( )) [ †.
You slash the gnoll!
You kill the gnoll!
You feel sick.
You barely miss the orc.
You feel sick. The orc hits you but does no damage.
You slash the orc!
You kill the orc!
You feel sick.
You are no longer poisoned.
Grinder hits you.
* * * LOW HITPOINT WARNING * * *
You writhe in agony.
You die...

.... .#$.#
..#..#######.....
..##.....##....#####
#..##.......#.......
#.!.....!........#
#.................
##....$.....#...
#........#..#######
.#...........'5@...#
#........)†.#######.#
..............# #
.............##
..####......## #.
#...##.#####
#..........##
#...#..#....#### #.#
#. .......#..##....#
#.# #.


You could see Grinder.

Vanquished Creatures
  Blork the orc (D:4)
  2 water moccasin zombies (Ossuary)
  An orc priest (D:2)
  Jessica (D:2)
  An orc wizard (D:3)
  2 mummies (Ossuary)
  A gnoll (D:4)
  5 adders
  An ufetubus (D:4)
  2 adder zombies (Ossuary)
  A worm (D:2)
  A dart slug (D:1)
  8 orcs
  5 ball pythons
  5 bats
  3 endoplasms
  3 giant cockroaches
  A gnoll zombie (Ossuary)
  4 goblins
  2 hobgoblins
  2 jackals (D:2)
  3 quokkas
  A frilled lizard (D:2)
  7 hobgoblin zombies (Ossuary)
  5 kobolds
  4 kobold zombies (Ossuary)
  4 orc zombies (Ossuary)
  8 rats
84 creatures vanquished.

Notes
Turn   | Place    | Note
-------+----------+-------------------------------------------
     0 | D:1      | seaoflcl the Human Fighter began the quest for the Orb.
     0 | D:1      | Reached XP level 1. HP: 18/18 MP: 1/1
    89 | D:1      | Reached XP level 2. HP: 24/24 MP: 2/2
   379 | D:1      | Reached XP level 3. HP: 29/29 MP: 3/3
  1180 | D:2      | Reached skill level 1 in Dodging
  1386 | D:2      | Reached XP level 4. HP: 17/35 MP: 4/4
  1659 | D:2      | Reached skill level 3 in Long Blades
  1803 | D:2      | Identified the +0 pair of gloves "Weine" {+Inv}
  1805 | D:2      | Noticed Jessica
  1822 | D:2      | Killed Jessica
  1823 | D:2      | Reached XP level 5. HP: 41/41 MP: 5/5
  2153 | D:3      | Reached skill level 4 in Long Blades
  2235 | D:4      | Found a sand-covered staircase.
  2270 | Ossuary  | Entered an ossuary
  2328 | Ossuary  | Reached XP level 6. HP: 30/47 MP: 6/6
  2498 | Ossuary  | Reached skill level 5 in Long Blades
  2561 | D:4      | Noticed Blork the orc
  2566 | D:4      | Noticed Grinder
  2594 | D:4      | Killed Blork the orc
  2595 | D:4      | Reached XP level 7. HP: 11/53 MP: 7/7
  2600 | D:4      | HP: 2/53 [Grinder (2)]
  2600 | D:4      | Slain by Grinder

Illustrated notes

Levels and vault maps discovered:
D:1:      erik_arrival_cave_to_civilisation [erik_arrival_cave_to_hall],
          layout_basic
D:2:      layout_loops_ring, minmay_pentomino_v2, uniq_jessica
D:3:      layout_rooms, grunt_temple_overflow_open,
          minmay_misc_feat_secret_circle, uniq_ijyb
D:4:      layout_rooms, minmay_temple_entry_wispy, enter_ossuary_1,
          serial_bayou_pond_a, roderic_serpentine_path, minmay_cupped,
          uniq_blork_the_orc, uniq_sigmund, uniq_grinder,
          uniq_crazy_yiuf_cottage

Skill      XL: |  1  2  3  4  5  6 |
---------------+-------------------+-----
Dodging        | 1 |  1.8
Long Blades    | 3 4 5 |  5.3
Armour         | 4 |  4.0
Fighting       | |  3.8
Shields        | |  3.6

Action                     |  1- 3 |  4- 6 |  7- 9 || total
---------------------------+-------+-------+-------++-------
  Melee: Long sword        |    97 |   230 |     4 ||   331
    Use: Scroll            |       |     4 |       ||     4
         Potion            |       |       |     1 ||     1
 Armour: Scale mail        |    59 |   127 |     1 ||   187
  Dodge: Dodged            |    43 |    88 |     1 ||   132
  Block: Buckler           |    22 |    54 |       ||    76
